 Dungeon Crawl Stone Soup version 0.29.1 (webtiles) character file.

Game seed: 2227024830021703954

46 ILmort the Trooper (level 3, -2/29 HPs)
             Began as a Demonspawn Fighter on Sept 14, 2022.
             Slain by Natasha (4 damage)
             ... on level 2 of the Dungeon.
             The game lasted 00:02:21 (1394 turns).

ILmort the Trooper (Demonspawn Fighter)             Turns: 1394, Time: 00:02:22

Health: -2/29      AC:  6    Str: 16    XL:     3   Next: 44%
Magic:  3/3        EV: 12    Int:  9    God:
Gold:   24         SH:  5    Dex: 14    Spells: 2/2 levels left

rFire   . . .      SeeInvis .   a - +0 rapier
rCold   . . .      Faith    .   c - +0 buckler
rNeg    . . .      Spirit   .   b - +0 scale mail
rPois   .          Reflect  .   (no helmet)
rElec   .          Harm     .   (no cloak)
rCorr   .          Rampage  .   (no gloves)
Will    .....                   (no boots)
Stlth   ..........              (no amulet)
HPRegen 0.09/turn               f - +4 ring of evasion
MPRegen 0.08/turn               (no ring)

@: no status effects
A: foul stench 1
a: no special abilities


You were on level 2 of the Dungeon.
You visited 1 branch of the dungeon, and saw 2 of its levels.

You collected 24 gold pieces.

Inventory:

Hand Weapons
 a - a +0 rapier (weapon)
Missiles
 g - 5 boomerangs (quivered)
Armour
 b - a +0 scale mail (worn)
 c - a +0 buckler (worn)
Jewellery
 f - a +4 ring of evasion (left hand)
Scrolls
 e - a scroll of noise {unknown}
 h - a scroll of teleportation {unknown}
 i - a scroll of identify {unknown}
 k - a scroll of vulnerability {unknown}
 n - a scroll of butterflies {unknown}
 o - a scroll of enchant weapon {unknown}
Potions
 d - a potion of might
 j - 2 potions of brilliance {unknown}
 l - a potion of attraction {unknown}
 m - 2 potions of curing {unknown}
 p - a potion of mutation {unknown}


   Skills:
 + Level 3.3 Fighting
 * Level 2.6 Short Blades
 + Level 3.0 Armour
 + Level 3.0 Shields


You had 2 spell levels left.
You didn't know any spells.
Your spell library contained the following spells:

 Spells                   Type           Power      Damage    Failure   Level
 Conjure Ball Lightning   Conj/Air       0%         3x3d6     100%        6
 Discord                  Hex            0%         N/A       100%        8
 Disjunction              Tloc           0%         N/A       100%        8


Dungeon Overview and Level Annotations

Branches:
Dungeon (2/15)

Altars:

Annotations:
D:2 Natasha


Innate Abilities, Weirdness & Mutations

You may rarely emit foul miasma when damaged in melee.


Message History

The adder bites you but does no damage.
You barely miss the adder. The adder barely misses you.
You hit the adder.
You kill the adder!
You hit the endoplasm. The endoplasm barely misses you.
You hit the endoplasm.
You kill the endoplasm!
You see here an adder corpse.
Found a gluggy blue potion.
p - a gluggy blue potion You open the door.
Natasha, Servant of Life and Death comes into view.
She is carrying a wand of flame (24).
Natasha hisses angrily.
Natasha zaps a wand.
The puff of flame misses you.
Natasha wildly gestures.
Natasha's front paws start to glow.
Natasha zaps a wand.
The puff of flame hits you!
You are too injured to fight recklessly!
You are too injured to fight recklessly!
You are too injured to fight recklessly!
You are too injured to fight recklessly!
You are too injured to fight recklessly!
You are too injured to fight recklessly!
You are too injured to fight recklessly!
You are too injured to fight recklessly!
You are too injured to fight recklessly!
You are too injured to fight recklessly!
You are too injured to fight recklessly!
Natasha casts a spell at you. You resist with significant effort.
You barely miss Natasha. Natasha barely misses you.
You hit Natasha. You block Natasha's attack.
You closely miss Natasha. Natasha claws you!
* * * LOW HITPOINT WARNING * * *
Natasha stares at you and mumbles some strange words.
You resist with significant effort.
You hit Natasha. Natasha claws you!
* * * LOW HITPOINT WARNING * * *
You barely miss Natasha. Natasha claws you.
You die...

###†##....#
#...##.##.#####
.......##.....#
..............#
......#.......#
..............#
......###'###.#
......# #.#
#.######
......# #.#
#...@h.#
......# #+#
######.#
####### #


You could see Natasha.

Vanquished Creatures
  2 adders (D:2)
  A dart slug (D:1)
  6 ball pythons
  2 bats
  2 endoplasms
  A giant cockroach (D:1)
  4 goblins (D:1)
  2 kobolds (D:1)
  2 quokkas (D:1)
  A frilled lizard (D:1)
  A rat (D:2)
24 creatures vanquished.

Notes
Turn   | Place    | Note
-------+----------+-------------------------------------------
     0 | D:1      | ILmort the Demonspawn Fighter began the quest for the Orb.
     0 | D:1      | Reached XP level 1. HP: 18/18 MP: 1/1
   212 | D:1      | Gained mutation: You may rarely emit foul miasma when
                  | damaged in melee. [demonic ancestry]
   212 | D:1      | Reached XP level 2. HP: 19/24 MP: 2/2
   651 | D:1      | Found a faded altar of an unknown god.
  1257 | D:2      | Reached XP level 3. HP: 20/29 MP: 3/3
  1386 | D:2      | Noticed Natasha
  1394 | D:2      | Slain by Natasha

Illustrated notes

Levels and vault maps discovered:
D:1:      lemuel_arrival_hallway, layout_basic, ebering_ecumenical_altar_mist,
          corexii_corridor_pit
D:2:      layout_basic, uniq_natasha

Skill      XL: |  1  2  3 |
---------------+----------+-----
Short Blades   | 2 |  2.6
Armour         | 3 |  3.0
Shields        | 3 |  3.0
Fighting       | |  3.3

Action                   || total
-------------------------++-------
Melee: Rapier            ||    86
Armor: Scale mail        ||    34
Dodge: Dodged            ||    45
Block: Buckler           ||    11
